AoeStats
← Jartina

African Clearing

510545977Analyzed
2v2 RM · 1d ago on Oct 1, 2026· 26m 36s· 4 players
Game mode
Random Map
Map size
Medium (4 player)
Population
200
Speed
Normal
Resources
Standard
Victory
Conquest
Starting age
Dark Age
Ending age
Imperial Age
RankedLock teamsTeams togetherTeam positionsShared explorationLock speedFull tech treeHidden civsTurbo modeCheats
Victory
Defeat
🇨🇳 Spanish · China
1043
+14
🇨🇳 Huns · China
1010
+16
🇸🇰 Vietnamese · Slovakia
1007
-15
🇸🇰 Hindustanis · Slovakia
1007
-15
Jartina
8:29 Loom
13:27 Feudal Age
23:41 Castle Age
22:36 Double-Bit Axe
22:44 Fletching
23:06 Horse Collar
23:23 Gold Mining
25:55 Crossbowman
hargi
8:32 Loom
13:51 Feudal Age
20:10 Castle Age
19:36 Double-Bit Axe
22:37 Horse Collar
24:38 Wheelbarrow
黄维是个外行
13:08 Feudal Age
14:08 Double-Bit Axe
14:19 Loom
17:07 Forging
18:37 Gold Mining
19:04 Scale Barding Armor
23:45 Castle Age
23:35 Stone Mining
24:25 Bloodlines
26:38 Bow Saw
啊酸
7:03 Loom
11:44 Feudal Age
12:54 Double-Bit Axe
15:04 Scale Mail Armor
18:57 Horse Collar
21:13 Bloodlines
23:11 Castle Age
Connection lost

Rejoining the realm…

Still unreachable

The connection could not be restored.

Session expired

The server has moved on; the page needs a fresh start.